 Dungeon Crawl Stone Soup version 0.21-a0-522-ga8338f0 (webtiles) character file.

358 BingusPrime the Slasher (level 6, -14/52 HPs)
             Began as a Draconian Fighter on Dec 6, 2017.
             Was an Initiate of Qazlal.
             Killed by divine providence
             ... invoked by an orc priest
              (16 damage)
             ... on level 5 of the Dungeon.
             The game lasted 00:13:39 (3671 turns).

BingusPrime the Slasher (Draconian Fighter)         Turns: 3671, Time: 00:13:39

Health: -14/52     AC:  9    Str: 20    XL:     6   Next: 37%
Magic:  6/6        EV: 11    Int:  8    God:    Qazlal [......]
Gold:   227        SH: 12    Dex: 11    Spells: 5/5 levels left

rFire    . . .     SeeInvis .   a - +0 long sword
rCold    . . .     Gourm    .   b - +1 shield
rNeg     . . .     Faith    .   (armour unavailable)
rPois    +         Spirit   .   (helmet restricted)
rElec    .         Reflect  +   (no cloak)
rCorr    .         Harm     .   w - +2 pair of gloves
MR       .....                  (no boots)
Stlth    +.........             g - +2 amulet of reflection
HPRegen  0.17/turn              p - ring of poison resistance
MPRegen  0.10/turn              (no ring)

@: no status effects
A: unfitting armour, cold-blooded, AC +6
a: Renounce Religion


You were on level 5 of the Dungeon.
You worshipped Qazlal.
Qazlal was noncommittal.
You were near starving.

You visited 1 branch of the dungeon, and saw 5 of its levels.

You collected 227 gold pieces.

Inventory:

Hand Weapons
 a - a +0 long sword (weapon)
Missiles
 u - 85 stones (quivered)
Armour
 b - a +1 shield (worn)
 w - a +2 pair of gloves (worn)
Jewellery
 g - a +2 amulet of reflection (around neck)
 p - a ring of poison resistance (left hand)
 s - an uncursed amulet of rage
Wands
 m - a wand of scattershot (10)
Scrolls
 e - a scroll of fear {unknown}
 l - 2 scrolls of magic mapping {unknown}
 o - 4 scrolls of identify {unknown}
 v - a scroll of immolation {unknown}
 y - a scroll of remove curse
 z - a scroll of teleportation {unknown}
 A - a scroll of enchant armour
Potions
 c - a potion of might
 i - a potion of invisibility {unknown}
 j - 2 potions of agility {unknown}
 k - a potion of heal wounds {unknown}
 n - a potion of lignification {unknown}
 q - 2 potions of flight {unknown}
 r - 2 potions of degeneration {unknown}
 t - a potion of haste {unknown}
 x - a potion of berserk rage {unknown}
Comestibles
 d - 3 bread rations
 f - 4 meat rations
 B - a royal jelly


   Skills:
 + Level 4.2 Fighting
 * Level 4.7 Long Blades
 + Level 0.5 Throwing
 + Level 3.9 Dodging
 + Level 0.5 Stealth
 + Level 3.9 Shields


You had 5 spell levels left.
You didn't know any spells.

Dungeon Overview and Level Annotations

Branches:
Dungeon (5/15)
 Temple: D:4-7

Altars:
Qazlal
Sif Muna
Trog

Shops:
D:4 :(%

Annotations:
D:3 Grinder
D:4 1 exclusion


Innate Abilities, Weirdness & Mutations

Your plain brown scales are hard. (AC +6)
You cannot fit into any form of body armour.
You are cold-blooded and may be slowed by cold attacks.


Message History

You are too injured to fight recklessly!
You are too injured to fight recklessly!
You are too injured to fight recklessly!
You are too injured to fight recklessly!
The orc priest invokes the aid of Beogh against you.
Beogh smites you!
* * * LOW HITPOINT WARNING * * *
The shadow imp picks up a beetle and eats it.
The shadow imp gestures at you. Pain shoots through your body!
* * * LOW HITPOINT WARNING * * *
The orc priest looks braver for a moment.
The orc priest invokes the aid of Beogh against you.
Pain shoots through your body!
* * * LOW HITPOINT WARNING * * *
The orc priest begins to cast a cantrip, but forgets the words!
There is a stone staircase leading up here.
The orc priest calls down the wrath of Beogh upon you.
Beogh smites you!
You die...

#..# #..#
#..# #..#
#5.# #..#
#..#
#.o#######
#..5...@.#
#.########
#.. ###


You could see an orc priest and a shadow imp.

Vanquished Creatures
  Menkaure (D:5)
  A quasit (D:2)
  A hound (D:4)
  An iguana (D:4)
  An orc wizard (D:2)
  A worker ant (D:4)
  3 adders
  An ooze (D:3)
  An adder zombie (D:4)
  2 worms (D:2)
  2 dart slugs (D:2)
  2 leopard geckos
  8 orcs
  2 giant cockroaches
  4 goblins
  2 hobgoblins
  2 jackals (D:3)
  3 quokkas
  A ball python (D:2)
  3 bats
  6 frilled lizards
  3 kobolds (D:1)
  3 rats
54 creatures vanquished.

Vanquished Creatures (others)
  A kobold (D:3)
1 creature vanquished.

Grand Total: 55 creatures vanquished

Notes
Turn   | Place    | Note
-------+----------+-------------------------------------------
     0 | D:1      | BingusPrime the Draconian Fighter began the quest for the Orb.
     0 | D:1      | Reached XP level 1. HP: 19/19 MP: 1/1
   218 | D:1      | Reached XP level 2. HP: 25/26 MP: 2/2
   250 | D:1      | You fall through a shaft!
   762 | D:2      | Reached XP level 3. HP: 28/33 MP: 3/3
   843 | D:2      | Reached XP level 4. HP: 38/40 MP: 4/4
  1539 | D:3      | Noticed Grinder
  1773 | D:3      | Reached XP level 5. HP: 46/46 MP: 5/5
  1786 | D:3      | Found a stormy altar of Qazlal.
  1951 | D:3      | Became a worshipper of Qazlal Stormbringer
  2108 | D:3      | Found a deep blue altar of Sif Muna.
  2308 | D:3      | Paralysed by Grinder for 3 turns
  2464 | D:4      | Found Juso's Food Boutique.
  2545 | D:4      | Found Souxosk's Antique Weapon Shoppe.
  3018 | D:4      | Found a bloodstained altar of Trog.
  3151 | D:4      | Found Yfup's Book Boutique.
  3486 | D:5      | Entered Level 5 of the Dungeon
  3490 | D:5      | Noticed Menkaure
  3496 | D:5      | Killed Menkaure
  3496 | D:5      | Reached XP level 6. HP: 26/52 MP: 6/6
  3669 | D:5      | HP: 2/52 [orc priest/nerve-wracking pain (9)]
  3671 | D:5      | Killed from afar by an orc priest

Vault maps used:
D:1:      minmay_arrival_stair_chambers
D:2:      first_bread
D:3:      led_sif_pool, nicolae_qazlal_eye_of_the_storm, uniq_grinder
D:4:      old_standard_altar, serial_shops, kennysheep_little_box,
          nicolae_shop_waterfront, shop
D:5:      minmay_temple_entry_glass, uniq_sigmund, uniq_blork_the_orc,
          uniq_menkaure

Skill      XL: |  1  2  3  4  5 |
---------------+----------------+-----
Dodging        | 3 |  3.9
Long Blades    | 3 4 |  4.7
Fighting       | 4 |  4.2
Throwing       | |  0.5
Stealth        | |  0.5
Shields        | |  3.9

Action                   |  1- 3 |  4- 6 || total
-------------------------+-------+-------++-------
Melee: Long sword        |    87 |   132 ||   219
       Tailslap          |    12 |    14 ||    26
Throw: Tomahawk          |     7 |     7 ||    14
       Stone             |       |    13 ||    13
  Use: Scroll            |       |     2 ||     2
 Stab: Sleeping          |       |     1 ||     1
  Eat: Chunk             |       |     7 ||     7
Armor: Skin              |    22 |    62 ||    84
Dodge: Dodged            |    37 |    78 ||   115
Block: Shield            |    38 |    92 ||   130
       Reflection        |       |     1 ||     1
       Rpst.: Long sword |    10 |    14 ||    24

Table legend:
 A = Spawn XP
 B = Non-spawn XP
 C = Spawn XP percentage of total XP
 D = Spawn monster count
 E = Non-spawn monster count
 F = Spawn count percentage of total count
 G = Total turns spent on level
                    A         B        C        D         E        F      G
               +---------+---------+-------+---------+---------+-------+---------
         Total |       0 |     512 |   0.0 |       0 |      55 |   0.0 |  3671
               +---------+---------+-------+---------+---------+-------+---------
           D:1 |       0 |      14 |   0.0 |       0 |      10 |   0.0 |   250
           D:2 |       0 |     152 |   0.0 |       0 |      21 |   0.0 |  1251
           D:3 |       0 |      37 |   0.0 |       0 |      11 |   0.0 |   812
           D:4 |       0 |     137 |   0.0 |       0 |      11 |   0.0 |  1173
           D:5 |       0 |     172 |   0.0 |       0 |       2 |   0.0 |   185
               +---------+---------+-------+---------+---------+-------+---------
